TOP OF THE 1ST |
Santa Clarita Music batting - Pitching for Monroe Mallards : RHP Mike Morgan
|
Pitching: RHP Mike Morgan
|
|
Batting: RHB Geoffrey Bishop
|
0-0: Ball 1-0: Called Strike 1-1: Called Strike 1-2: Ball 2-2: Foul Ball, location: 2F 2-2: Ball 3-2: Strikes out swinging
|
Batting: RHB Júlio Mateo
|
0-0: Ball 1-0: Fly out, F9 (Flyball, 89M)
|
Batting: LHB Daryl Thomas
|
0-0: Ball 1-0: Called Strike 1-1: Ball 2-1: Ball 3-1: Foul Ball, location: 2F 3-2: SOLO HOME RUN (Flyball, 9D), Distance : 360 ft
|
Batting: RHB Bill Ménard
|
0-0: Ball 1-0: Foul Ball, location: 2F 1-1: SINGLE (Groundball, 6M) (infield hit)
|
Batting: RHB Ramón Cabrera
|
0-0: Ball 1-0: Ball 2-0: Fly out, F8 (Flyball, 8LD)
|
Top of the 1st over - 1 run, 2 hits, 0 errors, 1 left on base; Santa Clarita 1 - Monroe 0 |
BOTTOM OF THE 1ST |
Monroe Mallards batting - Pitching for Santa Clarita Music : RHP Pedro Mercado
|
Pitching: RHP Pedro Mercado
|
|
Batting: RHB Anselmo Espinoza
|
0-0: Ball 1-0: Ground out 2-3 (Groundball, 15S)
|
Batting: SHB Jerry Vaughn
|
0-0: Called Strike 0-1: SOLO HOME RUN (Flyball, 9LD), Distance : 339 ft
|
Batting: RHB Rafael Rivera
|
0-0: Called Strike 0-1: Ball 1-1: Fly out, F9 (Flyball, 9)
|
Batting: LHB José Trindade
|
0-0: Fly out, F5 (Popup, 56S)
|
Bottom of the 1st over - 1 run, 1 hit, 0 errors, 0 left on base; Santa Clarita 1 - Monroe 1 |
TOP OF THE 2ND |
Santa Clarita Music batting - Pitching for Monroe Mallards : RHP Mike Morgan
|
Batting: LHB Ryan Cook
|
0-0: Called Strike 0-1: Foul Ball, location: 2F 0-2: Ball 1-2: Ball 2-2: Ground out U3 (Groundball, 34S)
|
Batting: LHB Marcus Hussey
|
0-0: Ball 1-0: Ball 2-0: Called Strike 2-1: Ball 3-1: SINGLE (Line Drive, 5D)
|
Batting: SHB Matthew Hughes
|
0-0: Ball 1-0: Swinging Strike 1-1: Ball 2-1: Called Strike 2-2: Foul Ball, location: 2F 2-2: Strikes out swinging
|
Batting: RHB Lorenzo Camacho
|
0-0: Fly out, F8 (Flyball, 8RM)
|
Top of the 2nd over - 0 runs, 1 hit, 0 errors, 1 left on base; Santa Clarita 1 - Monroe 1 |
BOTTOM OF THE 2ND |
Monroe Mallards batting - Pitching for Santa Clarita Music : RHP Pedro Mercado
|
Batting: RHB David Leslie
|
0-0: Called Strike 0-1: Fly out, F6 (Popup, 6MS)
|
Batting: RHB Anthony O'Bryan
|
0-0: Foul Ball, location: 2F 0-1: Called Strike 0-2: SINGLE (Groundball, 6MD)
|
Batting: RHB Jorge Vázquez
|
0-0: Ball 1-0: Called Strike 1-1: Foul Ball, location: 2F 1-2: Grounds into double play, 6-4-3 (Groundball, 6)
|
Bottom of the 2nd over - 0 runs, 1 hit, 0 errors, 0 left on base; Santa Clarita 1 - Monroe 1 |
TOP OF THE 3RD |
Santa Clarita Music batting - Pitching for Monroe Mallards : RHP Mike Morgan
|
Batting: RHB Geoffrey Bishop
|
0-0: Ball 1-0: Foul Ball, location: 2F 1-1: Ball 2-1: Ball 3-1: Fly out, F3 (Popup, 34)
|
Batting: RHB Júlio Mateo
|
0-0: Ground out 5-3 (Groundball, 56)
|
Batting: LHB Daryl Thomas
|
0-0: Ball 1-0: Called Strike 1-1: Foul Ball, location: 2F 1-2: Ball 2-2: Ball 3-2: Fly out, F4 (Line Drive, 4)
|
Top of the 3rd over - 0 runs, 0 hits, 0 errors, 0 left on base; Santa Clarita 1 - Monroe 1 |
BOTTOM OF THE 3RD |
Monroe Mallards batting - Pitching for Santa Clarita Music : RHP Pedro Mercado
|
Batting: RHB Benito Bo
|
0-0: Called Strike 0-1: Foul Ball, location: 2F 0-2: Ball 1-2: Ball 2-2: Ground out U3 (Groundball, 34S)
|
Batting: RHB Jarrett Marshall
|
0-0: Ball 1-0: Called Strike 1-1: Called Strike 1-2: Strikes out swinging
|
Batting: RHB Anselmo Espinoza
|
0-0: Ball 1-0: Called Strike 1-1: Foul Ball, location: 2F 1-2: Ground out 5-3 (Groundball, 56)
|
Bottom of the 3rd over - 0 runs, 0 hits, 0 errors, 0 left on base; Santa Clarita 1 - Monroe 1 |
TOP OF THE 4TH |
Santa Clarita Music batting - Pitching for Monroe Mallards : RHP Mike Morgan
|
Batting: RHB Bill Ménard
|
0-0: Swinging Strike 0-1: Called Strike 0-2: Ball 1-2: Foul Ball, location: 2F 1-2: Ball 2-2: Strikes out swinging
|
Batting: RHB Ramón Cabrera
|
0-0: Ball 1-0: Called Strike 1-1: Ball 2-1: Ball 3-1: Foul Ball, location: 2F 3-2: SINGLE (Groundball, 56D)
|
Batting: LHB Ryan Cook
|
0-0: Called Strike 0-1: Ball 1-1: Ball 2-1: Ground out U3 (Groundball, 3S) Ramón Cabrera to second
|
Batting: LHB Marcus Hussey
|
0-0: Called Strike 0-1: Swinging Strike 0-2: Fly out, F4 (Line Drive, 4)
|
Top of the 4th over - 0 runs, 1 hit, 0 errors, 1 left on base; Santa Clarita 1 - Monroe 1 |
BOTTOM OF THE 4TH |
Monroe Mallards batting - Pitching for Santa Clarita Music : RHP Pedro Mercado
|
Batting: SHB Jerry Vaughn
|
0-0: Fly out, F8 (Flyball, 8RS)
|
Batting: RHB Rafael Rivera
|
0-0: Called Strike 0-1: Foul Ball, location: 2F 0-2: Ball 1-2: Foul Ball, location: 2F 1-2: Foul Ball, location: 2F 1-2: Ball 2-2: SINGLE (Line Drive, 7S)
|
Batting: LHB José Trindade
|
0-0: Called Strike 0-1: Ball 1-1: Ball 2-1: Fly out, F8 (Flyball, 8LS)
|
Batting: RHB David Leslie
|
0-0: Called Strike 0-1: Ground out U3 (Groundball, 3)
|
Bottom of the 4th over - 0 runs, 1 hit, 0 errors, 1 left on base; Santa Clarita 1 - Monroe 1 |
TOP OF THE 5TH |
Santa Clarita Music batting - Pitching for Monroe Mallards : RHP Mike Morgan
|
Batting: SHB Matthew Hughes
|
0-0: Called Strike 0-1: Ball 1-1: Fly out, F8 (Flyball, 8RM)
|
Batting: RHB Lorenzo Camacho
|
0-0: SINGLE (Flyball, 78M)
|
Batting: RHB Geoffrey Bishop
|
0-0: Foul Ball, location: 2F 0-1: Called Strike 0-2: SINGLE (Line Drive, 56D) Lorenzo Camacho to second
|
Batting: RHB Júlio Mateo
|
0-0: Ball 1-0: Swinging Strike 1-1: Swinging Strike 1-2: Ball 2-2: Fly out, F8 (Line Drive, 8RM)
|
Batting: LHB Daryl Thomas
|
0-0: Ball 1-0: Ball 2-0: Foul Ball, location: 2F 2-1: Foul Ball, location: 2F 2-2: Strikes out swinging
|
Top of the 5th over - 0 runs, 2 hits, 0 errors, 2 left on base; Santa Clarita 1 - Monroe 1 |
BOTTOM OF THE 5TH |
Monroe Mallards batting - Pitching for Santa Clarita Music : RHP Pedro Mercado
|
Batting: RHB Anthony O'Bryan
|
0-0: Swinging Strike 0-1: Ground out 6-3 (Groundball, 6)
|
Batting: RHB Jorge Vázquez
|
0-0: Called Strike 0-1: Ball 1-1: Ball 2-1: Ball 3-1: DOUBLE (Line Drive, 9LD)
|
Batting: RHB Benito Bo
|
0-0: Ball 1-0: Foul Ball, location: 2F 1-1: Ball 2-1: Foul Ball, location: 2F 2-2: Foul Ball, location: 2F 2-2: Ball 3-2: Base on Balls
|
Batting: RHB Jarrett Marshall
|
0-0: Called Strike Jorge Vázquez steals 3rd base Benito Bo to second 0-1: Foul Ball, location: 2F 0-2: Foul Ball, location: 2F 0-2: Ball 1-2: SINGLE (Line Drive, 7S) Jorge Vázquez scores Benito Bo to third
|
Batting: RHB Anselmo Espinoza
|
0-0: Foul Ball, location: 2F 0-1: Ball 1-1: Ball 2-1: Foul Ball, location: 2F 2-2: Ball 3-2: Grounds into double play, 5-4-3 (Groundball, 5)
|
Bottom of the 5th over - 1 run, 2 hits, 0 errors, 1 left on base; Santa Clarita 1 - Monroe 2 |
TOP OF THE 6TH |
Santa Clarita Music batting - Pitching for Monroe Mallards : RHP Mike Morgan
|
Batting: RHB Bill Ménard
|
0-0: Ball 1-0: Ball 2-0: Foul Ball, location: 2F 2-1: Foul Ball, location: 2F 2-2: Fly out, F3 (Popup, 3SF)
|
Batting: RHB Ramón Cabrera
|
0-0: Called Strike 0-1: Ball 1-1: SINGLE (Groundball, 56D)
|
Batting: LHB Ryan Cook
|
0-0: Foul Ball, location: 2F 0-1: Ball 1-1: SINGLE (Groundball, 34D) Ramón Cabrera to second Runner from 2nd tries for 3rd, SAFE, no throw
|
Pitching: RHP Carlos Molina
|
|
Batting: LHB Marcus Hussey
|
0-0: Ball 1-0: 3-RUN HOME RUN (Flyball, 9LD), Distance : 353 ft
|
Batting: SHB Matthew Hughes
|
0-0: Ball 1-0: Ball 2-0: Ball 3-0: Base on Balls
|
Batting: RHB Lorenzo Camacho
|
0-0: Ball 1-0: Ball 2-0: Fly out, F4 (Flyball, 34D)
|
Batting: RHB Geoffrey Bishop
|
0-0: Ball 1-0: Fly out, F4 (Popup, 4MD)
|
Top of the 6th over - 3 runs, 3 hits, 0 errors, 1 left on base; Santa Clarita 4 - Monroe 2 |
BOTTOM OF THE 6TH |
Monroe Mallards batting - Pitching for Santa Clarita Music : RHP Pedro Mercado
|
Batting: SHB Jerry Vaughn
|
0-0: Called Strike 0-1: Ball 1-1: Ball 2-1: Called Strike 2-2: Ball 3-2: Strikes out looking
|
Batting: RHB Rafael Rivera
|
0-0: Ball 1-0: SINGLE (Groundball, 56D)
|
Batting: LHB José Trindade
|
0-0: Foul Ball, location: 2F 0-1: Ball 1-1: Fly out, F3 (Popup, 23F)
|
Batting: RHB David Leslie
|
0-0: Ball 1-0: Foul Ball, location: 2F 1-1: Foul Ball, location: 2F 1-2: Ball 2-2: Ball Rafael Rivera steals 2nd base 3-2: Fly out, F7 (Line Drive, 7D)
|
Bottom of the 6th over - 0 runs, 1 hit, 0 errors, 1 left on base; Santa Clarita 4 - Monroe 2 |
TOP OF THE 7TH |
Santa Clarita Music batting - Pitching for Monroe Mallards : RHP Carlos Molina
|
Pitching: RHP Dan Cook
|
|
Batting: RHB Júlio Mateo
|
0-0: Called Strike 0-1: Foul Ball, location: 2F 0-2: Ball 1-2: Ball 2-2: Strikes out swinging
|
Batting: LHB Daryl Thomas
|
0-0: Called Strike 0-1: Fly out, F8 (Flyball, 8LS)
|
Batting: RHB Bill Ménard
|
0-0: Ball 1-0: Fly out, F8 (Flyball, 8LD)
|
Top of the 7th over - 0 runs, 0 hits, 0 errors, 0 left on base; Santa Clarita 4 - Monroe 2 |
BOTTOM OF THE 7TH |
Monroe Mallards batting - Pitching for Santa Clarita Music : RHP Pedro Mercado
|
Batting: RHB Anthony O'Bryan
|
0-0: Called Strike 0-1: Ball 1-1: Foul Ball, location: 2F 1-2: Strikes out swinging
|
Batting: RHB Jorge Vázquez
|
0-0: Called Strike 0-1: Ball 1-1: Swinging Strike 1-2: Fly out, F5 (Line Drive, 5)
|
Batting: RHB Benito Bo
|
0-0: Called Strike 0-1: Ball 1-1: Ball 2-1: SINGLE (Flyball, 9LM)
|
Batting: RHB Jarrett Marshall
|
0-0: Called Strike 0-1: Foul Ball, location: 2F 0-2: Fielders Choice at 2nd, 5-4 (Groundball, 5)
|
Bottom of the 7th over - 0 runs, 1 hit, 0 errors, 1 left on base; Santa Clarita 4 - Monroe 2 |
TOP OF THE 8TH |
Santa Clarita Music batting - Pitching for Monroe Mallards : RHP Dan Cook
|
Batting: RHB Ramón Cabrera
|
0-0: Called Strike 0-1: Swinging Strike 0-2: Ball 1-2: Ball 2-2: Foul Ball, location: 2F 2-2: Ball 3-2: Strikes out swinging
|
Batting: LHB Ryan Cook
|
0-0: Called Strike 0-1: Called Strike 0-2: Ball 1-2: Strikes out swinging
|
Batting: LHB Marcus Hussey
|
0-0: Ball 1-0: Swinging Strike 1-1: Called Strike 1-2: Strikes out swinging
|
Top of the 8th over - 0 runs, 0 hits, 0 errors, 0 left on base; Santa Clarita 4 - Monroe 2 |
BOTTOM OF THE 8TH |
Monroe Mallards batting - Pitching for Santa Clarita Music : RHP Pedro Mercado
|
Pitching: RHP Emmett Arbuckle
|
|
Batting: RHB Anselmo Espinoza
|
0-0: Called Strike 0-1: Ball 1-1: Fly out, F8 (Line Drive, 8LD)
|
Batting: SHB Jerry Vaughn
|
0-0: SINGLE (Groundball, 4D)
|
Batting: RHB Rafael Rivera
|
0-0: SINGLE (Groundball, 3D) Jerry Vaughn to second Runner from 2nd tries for 3rd, SAFE, no throw
|
Pinch Runner at 3rd Roland Nelson:
|
|
Batting: LHB José Trindade
|
0-0: Ball 1-0: Swinging Strike 1-1: Ball 2-1: Ball 3-1: SINGLE (Line Drive, 89M) Roland Nelson scores Rafael Rivera to second Runner from 2nd tries for 3rd, SAFE, no throw
|
Batting: RHB David Leslie
|
0-0: Ball 1-0: Called Strike 1-1: Fly out, F9 (Flyball, 9D) Runner from 3rd tags up, SCORES, no throw
|
Pinch Runner at 1st Héctor Vega:
|
|
Batting: RHB Anthony O'Bryan
|
0-0: Called Strike Héctor Vega steals 2nd base 0-1: Swinging Strike 0-2: Ball 1-2: Hit by Pitch
|
Batting: RHB Jorge Vázquez
|
0-0: SINGLE (Groundball, 4D) Héctor Vega to third Anthony O'Bryan to second Runner from 3rd tries for Home, SAFE, throw made home
|
Pitching: RHP Eduardo Macías
|
|
Batting: RHB Benito Bo
|
0-0: SINGLE (Line Drive, 78M) Anthony O'Bryan to third Jorge Vázquez to second
|
Batting: RHB Jarrett Marshall
|
0-0: Ball 1-0: Called Strike 1-1: Fly out, F5 (Line Drive, 56S)
|
Bottom of the 8th over - 3 runs, 5 hits, 0 errors, 3 left on base; Santa Clarita 4 - Monroe 5 |
TOP OF THE 9TH |
Santa Clarita Music batting - Pitching for Monroe Mallards : RHP Dan Cook
|
Now at 1B: Simon Plante
|
|
Now in LF: Roland Nelson
|
|
Pinch Hitting: RHB Leroy Bates
|
0-0: Ball 1-0: Swinging Strike 1-1: Ball 2-1: Foul Ball, location: 2F 2-2: Foul Ball, location: 2F 2-2: Strikes out looking
|
Pinch Hitting: RHB Jeff Peterson
|
0-0: Ball 1-0: Called Strike 1-1: Foul Ball, location: 2F 1-2: Ball 2-2: SINGLE (Flyball, 4D)
|
Batting: RHB Geoffrey Bishop
|
0-0: Ball 1-0: Called Strike 1-1: Called Strike 1-2: Foul Ball, location: 2F 1-2: Grounds into double play, 1-6-3 (Groundball, P)
|
Top of the 9th over - 0 runs, 1 hit, 0 errors, 0 left on base; Santa Clarita 4 - Monroe 5 |
|